cohdb
Replays
Latest Replays
All Replays
Popular Replays
Top Player Replays
Match Explorer
How It Works
Community
CoH3 Stats
Reddit
Sign in to upload your games and track your stats! →
Sign in with Steam
Match 45739557
Unlisted
Match 45739557
Overview
Messages
Build Orders
End
Construct Infanterie Kompanie
Selects Mechanized Battlegroup
Grenadier Squad
GrW 34 Mortar Team
Medical Bunker
Grenadier Squad
GrW 34 Mortar Team
Construct Panzergrenadier Kompanie
Forward Retreat Point
Selects Raid Package
Selects Mobile Repair Stations
Pak 40 Anti-tank Gun Team
Panzergrenadier Squad
Selects 8 Rad Armored Car
MG 42 Machine Gun Team
Pioneer Squad
Support Elements
Nebelwerfer 42 Rocket Launcher Team
Selects UNKNOWN (2160084)
Forward Retreat Point
StuG III G Assault Gun
MG 42 Bunker
Selects Wespe Self-propelled Artillery
StuG III G Assault Gun
Construct Panzer Kompanie
Survival Commander
ARCH4NGEL svk
tyonta1024
VAMP
Scooter
|Ass Inspector|
Plant3468
juMjuM^
0
0
Comments
sign in to comment!
No comments posted yet!